 Dungeon Crawl Stone Soup version 0.22-a0-91-g23542c2 (webtiles) character file.

52210 galech the Brawler (level 14, -4/150 HPs)
             Began as a Troll Monk on Jan 22, 2018.
             Was the Champion of Okawaru.
             Collided with a stone wall (15 damage)
             ... caused by Vorshek's ghost
             ... on level 6 of the Lair of Beasts.
             The game lasted 00:36:22 (16306 turns).

galech the Brawler (Troll Monk)                    Turns: 16306, Time: 00:36:24

Health: -4/150     AC: 10    Str: 26    XL:     14   Next: 26%
Magic:  13/13      EV: 10    Int:  6    God:    Okawaru [******]
Gold:   1147       SH:  0    Dex: 12    Spells: 13/13 levels left

rFire    + . .     SeeInvis .     - Unarmed
rCold    + . .     Gourm    +   (no shield)
rNeg     . . .     Faith    .   P - +2 robe {rC+ rF+}
rPois    +         Spirit   .   S - +2 hat
rElec    .         Reflect  .   r - +0 cloak
rCorr    .         Harm     .   (gloves unavailable)
MR       +....                  (boots unavailable)
Stlth    ++........             w - amulet of magic regeneration
HPRegen  0.75/turn              i - ring of poison resistance
MPRegen  0.38/turn              j - +5 ring of slaying

@: no status effects
A: large, unfitting armour, claws 3, fast metabolism 3, gourmand, regeneration
1, shaggy fur 1, tough skin 2
a: Heroism, Finesse, Renounce Religion


You were on level 6 of the Lair of Beasts.
You worshipped Okawaru.
Okawaru was exalted by your worship.
You were full.

You visited 3 branches of the dungeon, and saw 18 of its levels.
You also visited: Labyrinth and Ice Cave.

You collected 1147 gold pieces.

Inventory:

Armour
 r - a +0 cloak (worn)
 P - a +2 robe of resistance (worn)
 S - a +2 hat (worn)
Jewellery
 a - an uncursed ring of protection from magic
 i - a ring of poison resistance (left claw)
 j - a +5 ring of slaying (right claw)
 w - an amulet of magic regeneration (around neck)
 B - an uncursed ring of stealth
 E - a +5 ring of intelligence
 Q - an uncursed ring of ice
 T - an uncursed ring of wizardry
 Z - an uncursed ring of protection from cold
Wands
 D - a wand of iceblast (4)
 M - a wand of digging (19)
 N - a wand of clouds (4)
Scrolls
 c - 16 scrolls of remove curse
 d - 7 scrolls of amnesia
 e - 4 scrolls of teleportation
 g - a scroll of noise
 k - 2 scrolls of summoning
 m - 2 scrolls of enchant weapon
 o - 4 scrolls of vulnerability
 p - a scroll of magic mapping
 t - 5 scrolls of fog
 u - a scroll of torment {unknown}
 y - 4 scrolls of enchant armour
 z - a scroll of brand weapon
 H - 2 scrolls of fear
 K - a scroll of immolation
 L - a scroll of silence {unknown}
 O - a scroll of random uselessness
 Y - 2 scrolls of identify
Potions
 f - a potion of berserk rage
 h - 3 potions of agility
 l - 6 potions of curing
 n - 2 potions of mutation
 q - 2 potions of brilliance
 s - a potion of might
 v - 3 potions of ambrosia {unknown}
 x - 3 potions of haste
 A - 5 potions of degeneration {unknown}
 F - 5 potions of resistance
 G - 2 potions of lignification
 I - 4 potions of heal wounds {unknown}
 J - a potion of cancellation
 R - 2 potions of flight {unknown}
 U - a potion of magic {unknown}
Books
 C - a book of Callings

   Spells                             Type                      Level
   a - Summon Small Mammal            Summoning                    1
   b - Call Imp                       Summoning                    2
   c - Call Canine Familiar           Summoning                    3
   d - Summon Guardian Golem          Hexes/Summoning              3
   e - Summon Lightning Spire         Summoning/Air                4
   f - Summon Ice Beast               Ice/Summoning                4
Comestibles
 b - 24 rations


   Skills:
 + Level 12.4 Fighting
 - Level 2.5 Dodging
 - Level 1.0 Stealth
 * Level 19.2 Unarmed Combat


You had 13 spell levels left.
You didn't know any spells.

Dungeon Overview and Level Annotations

Branches:
Dungeon (11/15)            Temple (1/1) D:7            Lair (6/6) D:10
  Swamp (0/4) Lair:4        Snake (0/4) Lair:4        Slime (0/5) Lair:5
    Orc: D:9-12

Altars:
Ashenzari
Dithmenos
Elyvilon
Fedhas
Gozag
Kikubaaqudgha
Makhleb
Nemelex Xobeh
Okawaru
Qazlal
Ru
Sif Muna
Trog
Uskayaw
Vehumet
Wu Jian
Xom
Yredelemnul
The Shining One
Jiyva

Shops:
D:9 }

Annotations:
Lair:5 Nessos
Lair:6 Vorshek's ghost, journeyman DgCj


Innate Abilities, Weirdness & Mutations

You are too large for most types of armour.
You have claws for hands.
Your metabolism is lightning-fast.
You like to eat raw meat.
Your natural rate of healing is unusually fast.
You are covered in fur. (AC +1)
You have very tough skin. (AC +2)


Message History

You scratch Vorshek's ghost. You claw Vorshek's ghost.
Vorshek's ghost is heavily damaged.
Vorshek's ghost casts a spell at you. The magic dart hits you!
The death yak gores you!!
You barely miss Vorshek's ghost.
Vorshek's ghost is moderately damaged.
Vorshek's ghost completely misses you. The death yak gores you!!
You are too injured to fight recklessly!
You are too injured to fight recklessly!
Unknown command.
Vorshek's ghost casts a spell at you. The orb of energy hits you!
* * * LOW HITPOINT WARNING * * *
The orb of energy explodes!
Vorshek's ghost points at you and mumbles some strange words.
The lance of force hits you!
* * * LOW HITPOINT WARNING * * *
You are knocked back by the lance of force.
You slam into the stone wall!
You die...

......?.. ##...
#......#.# #....
.....#..# .....#
#######...P.# ......
##.#...P.....+.
......###...+.W.........
.......PP.<..##.........
.......P.....##.....P###
......P@...P.#......##
.....#####..###......#
.... #..# P........ .
#..P ......... ....
......... ......


You could see Vorshek's ghost.

Vanquished Creatures
  Gastronok (Lair:3)
  A frost giant (IceCv)
  The ghost of KristoblXynda the Grappler, a journeyman DrTm of Dithmenos (Lair:5)
  A minotaur (Lab)
  Fannar (Lair:3)
  2 hydras
  2 two-headed ogres
  A queen ant (Lair:3)
  15 death yaks
  Nergalle (D:11)
  A lindwurm (Lair:5)
  An ice statue (IceCv)
  Maurice (D:8)
  A rime drake (Lair:3)
  15 spiny frogs
  2 ice devils (Lair:1)
  2 komodo dragons
  15 polar bears (IceCv)
  A merfolk (D:9)
  A tyrant leech (Lair:4)
  The ghost of KristoblXynda the Slasher, an amateur DrGl (D:4)
  A troll (D:9)
  4 blink frogs
  5 hippogriffs
  A dire elephant simulacrum (Lair:2)
  A basilisk (D:11)
  3 wyverns
  38 yaks
  Grum (D:8)
  A hungry ghost (D:10)
  Edmund (D:6)
  18 soldier ants
  6 nagas (Lair:4)
  A hydra simulacrum (Lair:2)
  8 water moccasins
  2 orc warriors
  9 porcupines
  4 black bears
  An ice beast (D:10)
  4 sky beasts
  3 phantoms
  A necrophage (D:9)
  4 ogres
  4 boggarts (Lair:4)
  38 wolves
  6 centaurs
  9 crocodiles
  13 bullfrogs
  8 scorpions
  3 killer bees (D:11)
  14 wights
  An electric eel (Lair:2)
  3 crimson imps
  A komodo dragon simulacrum (Lair:2)
  A bullfrog zombie (D:6)
  5 hounds
  2 jellies
  8 orc priests
  Crazy Yiuf (D:4)
  3 iguanas
  2 water moccasin simulacra (Lair:2)
  12 orc wizards
  2 centaur skeletons
  36 worker ants
  A wolf simulacrum (Lair:2)
  A killer bee zombie (D:7)
  2 hound skeletons (D:6)
  A howler monkey skeleton (D:4)
  2 worker ant zombies
  15 adders
  2 shadow imps
  An adder skeleton (D:8)
  An adder zombie (D:9)
  4 worms
  3 dart slugs
  5 leopard geckos
  26 orcs
  2 ball pythons (D:2)
  5 giant cockroaches
  6 goblins
  7 hobgoblins
  14 jackals
  3 kobolds
  5 quokkas
  4 bats (D:3)
  3 frilled lizards
  A jackal skeleton (D:6)
  A quokka skeleton (D:4)
  7 rats
  A fungus (Lair:2)
479 creatures vanquished.

Vanquished Creatures (others)
  An ogre (D:6)
  A centaur (D:6)
  An orc wizard (D:6)
  A worm (D:6)
  2 leopard geckos (D:6)
  An orc (D:6)
  11 fungi
  9 plants
27 creatures vanquished.

Grand Total: 506 creatures vanquished

Notes
Turn   | Place    | Note
-------+----------+-------------------------------------------
     0 | D:1      | galech the Troll Monk began the quest for the Orb.
     0 | D:1      | Reached XP level 1. HP: 22/22 MP: 0/0
   213 | D:1      | Reached XP level 2. HP: 28/29 MP: 1/1
   658 | D:2      | Found a sparkling altar of Nemelex Xobeh.
   691 | D:2      | Reached XP level 3. HP: 36/36 MP: 2/2
   754 | D:2      | Reached skill level 4 in Unarmed Combat
  1132 | D:2      | Reached XP level 4. HP: 45/45 MP: 3/3
  1177 | D:2      | Found a burning altar of Makhleb.
  1371 | D:3      | Reached XP level 5. HP: 44/53 MP: 4/4
  1379 | D:3      | Reached skill level 5 in Unarmed Combat
  1627 | D:3      | Found an ancient bone altar of Kikubaaqudgha.
  1627 | D:3      | Found a deep blue altar of Sif Muna.
  1629 | D:3      | Found a radiant altar of Vehumet.
  1634 | D:3      | Identified Sif Muna's Disquisition on Illusion
  2361 | D:4      | Found a runed door.
  2408 | D:4      | Noticed Crazy Yiuf
  2411 | D:4      | Killed Crazy Yiuf
  2411 | D:4      | Reached XP level 6. HP: 62/62 MP: 5/5
  2712 | D:4      | Reached skill level 6 in Unarmed Combat
  2743 | D:4      | Noticed KristoblXynda's ghost (amateur DrGl)
  2756 | D:4      | Killed KristoblXynda's ghost
  2756 | D:4      | Reached XP level 7. HP: 30/71 MP: 6/6
  2939 | D:4      | Reached skill level 7 in Unarmed Combat
  3243 | D:5      | Entered Level 5 of the Dungeon
  3507 | D:5      | Reached skill level 5 in Fighting
  3507 | D:5      | Reached skill level 8 in Unarmed Combat
  3729 | D:5      | Reached XP level 8. HP: 80/80 MP: 7/7
  4122 | D:6      | Found a shimmering altar of Xom.
  4398 | D:6      | Reached skill level 9 in Unarmed Combat
  4640 | D:6      | Noticed Edmund
  4654 | D:6      | Killed Edmund
  4823 | D:7      | Found a staircase to the Ecumenical Temple.
  4840 | Temple   | Entered the Ecumenical Temple
  5000 | Temple   | Became a worshipper of Warmaster Okawaru
  5000 | Temple   | Reached * piety under Okawaru
  5000 | Temple   | Reached ** piety under Okawaru
  5175 | D:7      | Reached skill level 10 in Unarmed Combat
  5175 | D:7      | Reached XP level 9. HP: 70/89 MP: 8/8
  5431 | D:7      | Found a stormy altar of Qazlal.
  5431 | D:7      | Found a shimmering altar of Xom.
  5692 | D:8      | Noticed Maurice
  5717 | D:8      | Killed Maurice
  5717 | D:8      | Reached *** piety under Okawaru
  5717 | D:8      | Reached skill level 11 in Unarmed Combat
  5982 | D:8      | Noticed Grum
  5991 | D:8      | Killed Grum
  6060 | D:8      | Got a crude great sword
  6064 | D:8      | Reached XP level 10. HP: 102/102 MP: 9/9
  6065 | D:8      | Identified the +4 great sword of Fragile Peace {venom, rPois} (You found it on level 8 of the Dungeon)
  6280 | D:9      | Reached skill level 12 in Unarmed Combat
  6289 | D:9      | Reached **** piety under Okawaru
  6395 | D:9      | Noticed a two-headed ogre
  6404 | D:9      | Killed a two-headed ogre
  6739 | D:9      | Found Dighof's Gadget Shop.
  7191 | D:10     | Entered Level 10 of the Dungeon
  7205 | D:9      | Reached skill level 13 in Unarmed Combat
  7441 | D:10     | Reached ***** piety under Okawaru
  7618 | D:10     | Reached XP level 11. HP: 103/112 MP: 10/10
  7742 | D:10     | Found a staircase to the Lair.
  7865 | D:10     | Noticed a two-headed ogre
  7871 | D:10     | Killed a two-headed ogre
  8014 | Lair:1   | Entered Level 1 of the Lair of Beasts
  8041 | Lair:1   | Reached skill level 14 in Unarmed Combat
  8094 | Lair:1   | Found a frozen archway.
  8224 | IceCv    | Entered an ice cave
  8457 | IceCv    | Reached ****** piety under Okawaru
  8534 | IceCv    | Received a gift from Okawaru
  8908 | IceCv    | Reached skill level 15 in Unarmed Combat
  9404 | IceCv    | Noticed a death yak
  9417 | IceCv    | Killed a death yak
  9417 | IceCv    | Received a gift from Okawaru
  9422 | IceCv    | Reached XP level 12. HP: 125/125 MP: 11/11
  9426 | IceCv    | Reached skill level 10 in Fighting
  9547 | IceCv    | Noticed a frost giant
  9547 | IceCv    | Noticed a death yak
  9558 | IceCv    | Killed a frost giant
  9573 | IceCv    | Killed a death yak
  9573 | IceCv    | Received a gift from Okawaru
  9584 | IceCv    | Reached skill level 16 in Unarmed Combat
  9812 | Lair:1   | Noticed a six-headed hydra
  9927 | D:11     | Found a shattered altar of Ashenzari.
 10027 | D:11     | Noticed Nergalle
 10031 | D:11     | Killed Nergalle
 10734 | Lair:1   | Killed an eight-headed hydra
 11987 | Lair:2   | Reached skill level 17 in Unarmed Combat
 12080 | Lair:2   | Reached XP level 13. HP: 126/136 MP: 12/12
 12293 | Lair:2   | Found a transporter.
 12322 | Lair:2   | Found a transporter.
 12363 | Lair:2   | Received a gift from Okawaru
 12869 | Lair:3   | Noticed Gastronok
 12877 | Lair:3   | Killed Gastronok
 12934 | Lair:3   | Noticed Fannar
 12941 | Lair:3   | Killed Fannar
 13083 | Lair:3   | Reached skill level 18 in Unarmed Combat
 14142 | Lair:4   | Received a gift from Okawaru
 14626 | Lair:2   | Reached XP level 14. HP: 146/148 MP: 13/13
 14746 | Lair:4   | Found a staircase to the Swamp.
 14930 | Lair:4   | Found a staircase to the Snake Pit.
 15224 | Lair:5   | Noticed KristoblXynda's ghost (journeyman DrTm)
 15236 | Lair:5   | Killed KristoblXynda's ghost
 15263 | Lair:5   | Found a labyrinth entrance.
 15267 | Lair:5   | Found a staircase to the Slime Pits.
 15270 | Lab      | Entered a labyrinth
 15634 | Lair:5   | Found a viscous altar of Jiyva.
 15660 | Lair:5   | Reached skill level 19 in Unarmed Combat
 16003 | Lair:5   | Noticed Nessos
 16046 | Lair:5   | HP: 7/150 [Nessos/arrow (19)]
 16276 | Lair:6   | Entered Level 6 of the Lair of Beasts
 16295 | Lair:6   | Noticed Vorshek's ghost (journeyman DgCj)
 16306 | Lair:6   | Collided with a stone wall

Vault maps used:
D:1:      nicolae_arrival_somewhat_less_tricky_arrival
D:2:      nemelex_xobeh_ov_fountains_minmay, makhleb_blood_cavern_becter,
          serial_bayou_pond_c, minmay_pentomino_w2
D:3:      grunt_temple_overflow_magic_moments, serial_co_window_serial,
          co_window_of_opportunity_a, co_window_corner_a, co_window_paths_a,
          co_window_of_opportunity_a, co_window_paths_a, co_window_corner_a,
          co_window_of_opportunity_a, co_window_unsneaky_path_d,
          co_window_of_opportunity_c, co_window_unsneaky_path_c,
          co_window_paths_d, glass_columns_a, glass_columns_a, glass_columns_c,
          kennysheep_nondescript, minmay_misc_feat_chi,
          kennysheep_generic_room_4
D:4:      first_ration, serial_forest, infiniplex_forest_straight_2,
          infiniplex_forest_lined_3, infiniplex_forest_lined_3,
          infiniplex_forest_end_2, infiniplex_forest_lined_4_way,
          infiniplex_forest_lined_4_way, infiniplex_forest_lined_4_way,
          minmay_misc_feat_rows, serial_bayou_pond_a, uniq_crazy_yiuf_cottage
D:6:      xom_confusion_cloud, uniq_edmund
D:7:      gammafunk_temple_overflow_pools, minmay_temple_entry_glassed_door
D:8:      uniq_maurice, uniq_grum
D:9:      serial_shops, shop, hangedman_fish_farm
D:10:     grunt_lair_entry_orc_guard_hut, serial_curves, eino_curves_04,
          eino_curves_02, eino_curves_01, solitary_fountain
D:11:     basic_altar, uniq_nergalle
Temple:   regret_index_temple_generic_petals
Lair:1:   portal_ice_cave_demonic_guard, ldierk_geyser
Lair:2:   gammafunk_cloud_chamber, serial_bayou_lagoon_a
Lair:3:   zaba_anthell, lemuel_fruit_tree, uniq_fannar, uniq_gastronok
Lair:4:   minmay_swamp_entry_worms, minmay_snake_entry_guardpost_medium,
          kilobyte_rumbling_trees
Lair:5:   slime_altar_1, lab_entry_generic, uniq_nessos
Lair:6:   minmay_lair_end_enchanted_forest, basic_altar,
          bobbens_ice_dragon_lair, serial_bayou_shore_a
Lab:      labyrinth_watery, nicolae_lab_do_over
IceCv:    ice_cave_caverns_01

Skill      XL: |  1  2  3  4  5  6  7  8  9 10 11 12 13 14 |
---------------+-------------------------------------------+-----
Unarmed Combat | 4 5 6 8 10 11 13 15 17 18 19 | 19.2
Fighting       | 3 4 5 6 7 8 9 11 12 | 12.4
Dodging        | |  2.5
Stealth        | |  1.0

Action                   |  1- 3 |  4- 6 |  7- 9 | 10-12 | 13-15 || total
-------------------------+-------+-------+-------+-------+-------++-------
Melee: Unarmed           |    66 |   121 |   233 |   478 |   365 ||  1263
       Punch             |     1 |     3 |     8 |    39 |    37 ||    88
Invok: Heroism           |       |       |     1 |     6 |     5 ||    12
       Finesse           |       |       |       |     1 |     1 ||     2
  Use: Scroll            |       |       |       |    21 |    11 ||    32
       Potion            |       |       |       |       |     3 ||     3
 Stab: Sleeping          |       |     3 |     2 |     3 |       ||     8
       Distracted        |       |       |     1 |     1 |     1 ||     3
  Eat: Chunk             |    16 |    15 |    30 |    54 |    28 ||   143
       Ration            |       |       |       |       |     2 ||     2
Armor: Robe              |    14 |    44 |    53 |    97 |    90 ||   298
Dodge: Dodged            |    33 |    54 |    98 |   197 |   160 ||   542

Table legend:
 A = Spawn XP
 B = Non-spawn XP
 C = Spawn XP percentage of total XP
 D = Spawn monster count
 E = Non-spawn monster count
 F = Spawn count percentage of total count
 G = Total turns spent on level
                    A         B        C        D         E        F      G
               +---------+---------+-------+---------+---------+-------+---------
         Total |       0 |   74587 |   0.0 |       0 |     478 |   0.0 | 16306
               +---------+---------+-------+---------+---------+-------+---------
           D:1 |       0 |      27 |   0.0 |       0 |      13 |   0.0 |   645
           D:2 |       0 |     132 |   0.0 |       0 |      21 |   0.0 |   720
           D:3 |       0 |     178 |   0.0 |       0 |      29 |   0.0 |   943
           D:4 |       0 |     648 |   0.0 |       0 |      30 |   0.0 |   935
           D:5 |       0 |     506 |   0.0 |       0 |      14 |   0.0 |   820
           D:6 |       0 |     734 |   0.0 |       0 |      17 |   0.0 |   690
           D:7 |       0 |    1560 |   0.0 |       0 |      29 |   0.0 |   787
           D:8 |       0 |    2077 |   0.0 |       0 |      18 |   0.0 |   571
           D:9 |       0 |    3469 |   0.0 |       0 |      32 |   0.0 |  1114
          D:10 |       0 |    3209 |   0.0 |       0 |      25 |   0.0 |   667
          D:11 |       0 |    2262 |   0.0 |       0 |      17 |   0.0 |   642
        Lair:1 |       0 |    6170 |   0.0 |       0 |      26 |   0.0 |  1589
        Lair:2 |       0 |   15874 |   0.0 |       0 |      46 |   0.0 |  1377
        Lair:3 |       0 |   11254 |   0.0 |       0 |      65 |   0.0 |  1002
        Lair:4 |       0 |    4037 |   0.0 |       0 |      26 |   0.0 |   934
        Lair:5 |       0 |    5194 |   0.0 |       0 |      15 |   0.0 |   708
        Lair:6 |       0 |    2625 |   0.0 |       0 |       3 |   0.0 |    30
           Lab |       0 |    1058 |   0.0 |       0 |       1 |   0.0 |   363
         IceCv |       0 |   13573 |   0.0 |       0 |      51 |   0.0 |  1577
               +---------+---------+-------+---------+---------+-------+---------
